 Dungeon Crawl Stone Soup version 0.22.1-2-g9c5b331383 (webtiles) character file.

123 Knicklaso the Magician (level 4, -2/34 HPs)
             Began as a Demonspawn Wizard on Nov 23, 2018.
             Was an Initiate of Qazlal.
             Slain by an orc warrior
             ... wielding a +0 war axe
              (14 damage)
             ... on level 2 of the Dungeon.
             The game lasted 00:06:46 (2737 turns).

Knicklaso the Magician (Demonspawn Wizard)          Turns: 2737, Time: 00:06:47

Health: -2/34      AC:  4    Str:  8    XL:     4   Next: 79%
Magic:  7/9        EV: 12    Int: 20    God:    Qazlal [......]
Gold:   64         SH:  0    Dex: 11    Spells: 9/10 levels left

rFire    . . .     SeeInvis .   k - +2 dagger (freeze)
rCold    . . .     Gourm    .   (no shield)
rNeg     . . .     Faith    .   a - +0 robe
rPois    .         Spirit   .   b - +0 hat
rElec    .         Reflect  .   e - +0 cloak
rCorr    .         Harm     .   (no gloves)
MR       .....                  g - +0 pair of boots (curse)
Stlth    ++........             (no amulet)
HPRegen  0.11/turn              (no ring)
MPRegen  0.11/turn              (no ring)

@: no status effects
A: hooves 2, demonic guardian 1
a: Renounce Religion


You were on level 2 of the Dungeon.
You worshipped Qazlal.
Qazlal was noncommittal.
You were not hungry.

You visited 1 branch of the dungeon, and saw 3 of its levels.

You collected 64 gold pieces.

Inventory:

Hand Weapons
 k - a +2 dagger of freezing (weapon)
 n - a +2 vampiric falchion
 r - a +0 spear of venom
Armour
 a - a +0 robe (worn)
 b - a +0 hat (worn)
 e - a +0 cloak (worn)
 g - a cursed +0 pair of boots (worn)
Jewellery
 c - an uncursed ring of ice {unknown}
Scrolls
 f - 2 scrolls of teleportation {unknown}
 h - a scroll of fear {unknown}
 j - a scroll of identify {unknown}
 m - a scroll of immolation {unknown}
 s - a scroll of remove curse {unknown}
Potions
 i - a potion of invisibility {unknown}
 l - a potion of curing {unknown}
 o - a potion of brilliance {unknown}
 q - a potion of mutation {unknown}
 t - a potion of might {unknown}
Comestibles
 d - 6 rations
 p - a chunk of flesh


   Skills:
 * Level 2.9 Fighting
 - Level 1.7 Dodging
 - Level 1.7 Stealth
 + Level 3.6 Spellcasting
 + Level 2.3 Conjurations
   Level 1.0 Summonings
   Level 0.8 Translocations
 + Level 1.4 Invocations


You had 9 spell levels left.
You knew the following spells:

 Your Spells              Type           Power        Failure   Level  Hunger
a - Magic Dart            Conj           ##..         5%          1    None

Your spell library contained the following spells:

 Spells                   Type           Power        Failure   Level  Hunger
 Blink                    Tloc           N/A          14%         2    ##.....
 Call Imp                 Summ           #.......     14%         2    ##.....
 Slow                     Hex            #.......     21%         2    ##.....
 Conjure Flame            Conj/Fire      #.......     26%         3    ###....
 Mephitic Cloud           Conj/Pois/Air  #.......     28%         3    ###....


Dungeon Overview and Level Annotations

Branches:
Dungeon (3/15)

Altars:
Kikubaaqudgha
Qazlal
Wu Jian


Innate Abilities, Weirdness & Mutations

You have hoof-like feet.
A weak demonic guardian rushes to your aid.


Message History

The orc priest mumbles some strange prayers to Beogh against you.
Beogh smites you!
Your ufetubus barely misses the orc warrior.
Your ufetubus hits the orc warrior but does no damage.
The orc warrior hits your ufetubus with a war axe!
Your ufetubus dies!
The orc warrior hits you with a war axe.
The orc warrior shouts!
You closely miss the orc warrior.
The orc warrior is moderately wounded.
The orc priest calls upon Beogh to heal the orc warrior.
The orc warrior is healed somewhat.
The orc warrior hits you with a war axe!
You climb upwards.
There is a stone staircase leading down, spattered with blood here.
The orc warrior barely misses you.
You hit the orc warrior but do no damage.
The orc warrior is lightly wounded.
The orc warrior hits you with a war axe!
You die...

#P♣♣.........♣#...#
###.....♣#...#.♣#...#
#..P.♣P♣......P.....#
#...P♣P....#..P♣♣...#
##..♣P♣♣♣......♣§♣♣..#
#..#♣♣♣♣..♣...P♣♣§P...
#.#♣♣..P....P♣..PP....
#.#♣♣♣P....♣♣.PP.♣♣§..
#...o@..P♣♣.....♣♣.###
#..5PP♣♣♣♣..P♣.♣♣♣.###
#....♣♣.P..P.♣♣P...##.
#.>..♣♣PP.♣.♣♣♣.P.....
###)..P..P..♣♣P.P##...
##..♣♣.♣♣...........
####♣♣P##♣....###..
P##...### #.. #######
#..


You could see an orc warrior and a friendly shadow imp.

Vanquished Creatures
  5 gnolls (D:2)
  2 adders
  A worm (D:2)
  2 dart slugs (D:1)
  3 giant cockroaches
  6 goblins
  8 hobgoblins
  6 quokkas
  4 bats (D:2)
  6 frilled lizards
  2 kobolds
  7 rats
52 creatures vanquished.

Vanquished Creatures (others)
  2 plants (D:2)
2 creatures vanquished.

Grand Total: 54 creatures vanquished

Notes
Turn   | Place    | Note
-------+----------+-------------------------------------------
     0 | D:1      | Knicklaso the Demonspawn Wizard began the quest for the
                  | Orb.
     0 | D:1      | Reached XP level 1. HP: 13/13 MP: 4/4
   367 | D:1      | Reached skill level 1 in Fighting
   582 | D:1      | Gained mutation: You have large cloven feet. [demonic
                  | ancestry]
   582 | D:1      | Reached XP level 2. HP: 21/21 MP: 3/6
  1292 | D:2      | Gained mutation: You have hoof-like feet. [demonic
                  | ancestry]
  1292 | D:2      | Reached XP level 3. HP: 21/27 MP: 1/7
  1438 | D:2      | Found a stormy altar of Qazlal.
  1617 | D:2      | Became a worshipper of Qazlal Stormbringer
  1739 | D:2      | Found a stormy altar of Qazlal.
  1739 | D:2      | Found an ornate altar of the Wu Jian Council.
  1741 | D:2      | Found an ancient bone altar of Kikubaaqudgha.
  1979 | D:2      | Gained mutation: A weak demonic guardian rushes to your
                  | aid. [demonic ancestry]
  1979 | D:2      | Reached XP level 4. HP: 34/34 MP: 6/9
  2203 | D:2      | Reached skill level 1 in Invocations
  2714 | D:3      | Noticed an orc warrior
  2737 | D:2      | Slain by an orc warrior

Skill      XL: |  1  2  3  4 |
---------------+-------------+-----
Fighting       | 1 2 |  2.9
Conjurations   | 2 |  2.3
Invocations    | 1 |  1.4
Dodging        | |  1.7
Stealth        | |  1.7
Spellcasting   | |  3.6
Summonings     | |  1.0
Translocations | |  0.8

Action                   |  1- 3 |  4- 6 || total
-------------------------+-------+-------++-------
Melee: Spear             |    11 |       ||    11
       Dagger            |    36 |    50 ||    86
 Cast: Magic Dart        |    91 |    24 ||   115
 Stab: Sleeping          |     1 |       ||     1
  Eat: Chunk             |     3 |     3 ||     6
Armor: Robe              |    14 |    17 ||    31
Dodge: Dodged            |    64 |    38 ||   102
